 Dungeon Crawl Stone Soup version 0.18.0-2-g198d6d4 (webtiles) character file.

90178 imoen the Epochal (level 15, -2/77 HPs)
             Began as a Vine Stalker Monk on May 5, 2016.
             Was an Elder of Cheibriados.
             Slain by a shock serpent (4 damage)
             ... on level 4 of the Snake Pit on May 6, 2016.
             The game lasted 01:45:12 (11208 turns).

imoen the Epochal (Vine Stalker Monk)              Turns: 11208, Time: 01:45:13

Health: -2/77      AC: 16    Str: 25 (26) XL:     15   Next: 99%
Magic:  0/25       EV: 16    Int: 19      God:    Cheibriados [****..]
Gold:   925        SH:  7    Dex: 28 (29) Spells: 0 memorised, 14 levels left

rFire  + . .     SeeInvis +     a - +2 whip (elec)
rCold  . . .     Gourm    .     g - +1 scale mail of Danox {-Cast rElec MR+}
rNeg   . . .     Faith    .     R - +0 buckler
rPois  +         Spirit   +     k - +0 helmet
rElec  +         Dismiss  .     C - +1 cloak {MR+}
rCorr  .         Reflect  .     J - +0 pair of gloves
SustAt .         Harm     .     y - +0 pair of boots
MR     +++..     NoCast   +     f - amulet of magic regeneration
Stlth  ++++......               S - ring of see invisible
                                Q - ring of protection from fire

@: about to teleport, constricted, very slow, extremely resistant to hostile
enchantments, stealthy
A: fangs 3, poison resistance, regeneration 3, magic shield, antimagic bite, no
device heal 3, rot immunity
a: Bend Time, Temporal Distortion, Slouch, Renounce Religion


You were on level 4 of the Snake Pit.
You worshipped Cheibriados.
Cheibriados was greatly pleased with you.
You were near starving.

You visited 3 branches of the dungeon, and saw 22 of its levels.
You also visited: Sewer.

You collected 1051 gold pieces.
You spent 126 gold pieces at shops.

Inventory:

Hand Weapons
 a - a +2 whip of electrocution (weapon)
   (You took it off Pikel on level 4 of the Dungeon)
 u - a +0 blowgun
   (You took it off a kobold in a sewer)
Missiles
 m - 2 tomahawks (quivered)
 v - 37 poisoned needles
 V - a throwing net
Armour
 g - the +1 scale mail of Danox (worn) {-Cast rElec MR+}
   (You found it on level 3 of the Lair of Beasts)

   It insulates you from electricity.
   It affects your resistance to hostile enchantments.
   It prevents spellcasting.
 k - a +0 helmet (worn)
   (You took it off Robin on level 2 of the Dungeon)
 y - a +0 pair of boots (worn)
   (You found it in a sewer)
 C - a +1 cloak of magic resistance (worn)
   (You bought it in a shop on level 4 of the Dungeon)
 J - a +0 pair of gloves (worn)
   (You found it on level 6 of the Dungeon)
 L - a +2 scale mail of cold resistance
   (You acquired it on level 7 of the Lair of Beasts)
 N - a +0 plate armour
   (You found it on level 9 of the Dungeon)
 R - a +0 buckler (worn)
   (You found it on level 9 of the Dungeon)
Rods
 b - a +4 iron rod (7/16)
   (You found it on level 5 of the Dungeon)
 l - a +6 rod of clouds (9/17)
   (You found it in a sewer)
Jewellery
 f - an amulet of magic regeneration (around neck)
   (You found it on level 1 of the Dungeon)
 n - an uncursed ring of fire
   (You found it on level 8 of the Dungeon)
 Q - a ring of protection from fire (left hand)
   (You found it on level 9 of the Dungeon)
 S - a ring of see invisible (right hand)
   (You found it on level 3 of the Lair of Beasts)
 X - an uncursed ring of flight
   (You found it on level 8 of the Lair of Beasts)
Wands
 z - a wand of confusion (28/48)
   (You found it on level 3 of the Snake Pit)
 A - a wand of acid (7/15)
   (You found it on level 3 of the Snake Pit)
 D - a wand of confusion (15/48)
   (You found it on level 3 of the Snake Pit)
 F - a wand of iceblast (7/15)
   (You found it on level 4 of the Dungeon)
 O - a wand of iceblast (10/15)
   (You found it on level 9 of the Dungeon)
 T - a wand of polymorph (10/24)
   (You found it on level 3 of the Snake Pit)
 U - a wand of paralysis (15/24)
   (You found it on level 7 of the Lair of Beasts)
 W - a wand of disintegration (2/24)
   (You found it on level 5 of the Lair of Beasts)
Scrolls
 e - 3 scrolls of enchant armour
 h - 13 scrolls of remove curse
 p - 2 scrolls of enchant weapon
 q - 2 scrolls of teleportation
 r - a scroll of recharging
 w - 4 scrolls of immolation
 B - a scroll of magic mapping
 K - a scroll of vulnerability
 Z - a scroll of silence
Potions
 d - a potion of curing
 j - 2 potions of might
 s - 2 potions of brilliance
 x - a potion of flight {unknown}
 E - a potion of lignification
 G - a potion of resistance {unknown}
 M - a potion of cure mutation {unknown}
Comestibles
 o - 21 fruits
 t - 4 bread rations
 H - 6 meat rations
 I - 2 chunks of flesh


   Skills:
 - Level 8.1 Fighting
 - Level 12.0 Maces & Flails
 - Level 9.0 Armour
 - Level 8.0 Dodging
 - Level 10.0 Stealth
 - Level 4.0 Shields
 - Level 6.6 Unarmed Combat
 + Level 12.4 Invocations
 - Level 10.0 Evocations


You had 14 spell levels left.
You didn't know any spells.

Dungeon Overview and Level Annotations

Branches:
Dungeon (10/15)            Temple (0/1) D:5            Lair (8/8) D:9
 Shoals (0/4) Lair:5        Snake (4/4) Lair:3        Slime (0/6) Lair:8
    Orc: D:9-12

Altars:
Ashenzari
Cheibriados
Elyvilon
Fedhas
Gozag
Kikubaaqudgha
Nemelex Xobeh
Pakellas
Sif Muna
Vehumet
The Shining One
Jiyva

Shops:
D:4 [

Annotations:
Snake:4 Chiseanne's ghost, adept DsWz; Ladykiller69's ghost, adept FoFi


Innate Abilities, Weirdness & Mutations

You have razor-sharp teeth.
You regenerate.
When hurt, damage is shared between your health and your magic reserves.
Your bite disrupts and absorbs the magic of your enemies.
Potions and wands cannot restore your health.
You are immune to rotting.
Your system is resistant to poisons.


Message History

The shock serpent shoots out a bolt of lightning at you!
The bolt of electricity hits you! You resist.
* * * LOW HITPOINT WARNING * * *
The black mamba completely misses you.
You take 3 damage, and have 8/77 hp.
Unknown command.
Unknown command.
Drink which item? (? for menu, Esc to quit)
Okay, then.
The shock serpent shoots out a bolt of lightning at you!
The bolt of electricity hits you! You resist.
* * * LOW HITPOINT WARNING * * *
The black mamba completely misses you.
The shock serpent shoots out a bolt of lightning at you!
The bolt of electricity misses you. The salamander completely misses you.
The black mamba barely misses you. The salamander misses you.
The water moccasin hisses angrily.
You take 3 damage, and have 5/77 hp.
Unknown command.
Drink which item? (? for menu, Esc to quit)
You feel better.
You feel less invigorated. The black mamba completely misses you.
The shock serpent shoots out a bolt of lightning at you!
The bolt of electricity hits you! You resist.
* * * LOW HITPOINT WARNING * * *
The black mamba barely misses you.
A black mamba and a greater naga come into view.
You take 1 damage, and have 4/77 hp.
Unknown command.
You step out of the flow of time.
You return to the normal time flow.
You are near starving!
You can no longer step out of the time flow.
Cheibriados lowers the support of your attributes as your movement quickens. 2 nagas, a naga warrior, a greater naga and a naga ritualist come into view.
The naga shouts!
The naga warrior shouts!
The naga shouts!
The naga ritualist shouts!
The greater naga shouts!
You hear a shout!
The shock serpent hisses angrily.
You hear a shout!
A naga ritualist comes into view. It is wielding a dagger of venom.
The naga ritualist shouts!
You hear an angry hiss.
You now have 1/25 mp.
Unknown command.
Read which item? (? for menu, Esc to quit)
Okay, then.
Okay, then.
Read which item? (? for menu, Esc to quit)
As you read the scroll of fog, it crumbles to dust.
The scroll dissolves into smoke.
The naga warrior spits poison at you. The splash of poison hits you!
You resist.
* * * LOW HITPOINT WARNING * * *
The greater naga moves out of view.
You take 4 damage, and have 1/77 hp.
Unknown command.
Unknown command.
The naga ritualist spits poison at you. The splash of poison hits you!
You resist. The naga warrior completely misses you.
You block the naga warrior's attack.
Items here: ) ? [ ÷ a long sword; a robe; a scroll of noise; an anaconda skeleton Unknown command.
Read which item? (? for menu, Esc to quit)
As you read the scroll of teleportation, it crumbles to dust.
You feel strangely unstable. The naga warrior spits poison at you.
The splash of poison misses you.
Okay, then.
Drink which item? (? for menu, Esc to quit)
Okay, then.
The naga warrior blocks your attack.
You bite the naga warrior, but do no damage.
A naga ritualist comes into view. It is wielding a dagger of venom.
Unknown command.
You barely miss the shock serpent. You bite the shock serpent!
You drain its power.
You feel invigorated.
The shock serpent's electric aura discharges, shocking you!
* * * LOW HITPOINT WARNING * * *
The naga warrior misses you. The naga warrior grabs you.
The naga warrior constricts you.
You take 2 damage, and have 2/77 hp.
You regained 14 mp, and now have 16/25 mp.
You closely miss the shock serpent. You bite the shock serpent.
You drain its power.
You feel invigorated. The shock serpent bites you!
* * * LOW HITPOINT WARNING * * *
The shock serpent shocks you. You resist.
You take 1 damage, and have 1/77 hp.
You now have 2/25 mp.
Unknown command.
Unknown command.
You hit the shock serpent but do no damage.
You bite the shock serpent. You drain its power.
You feel invigorated.
The shock serpent's electric aura discharges, shocking you!
You block the shock serpent's attack.
You now have 0/25 mp.
Unknown command.
Unknown command.
Unknown command.
You hit the shock serpent. Your bite misses the shock serpent.
The naga warrior misses you. The naga warrior constricts you.
The shock serpent bites you.
You die...

...........)................#
..............N.............#
................†...........#
...(..........†.............#
...........................##
..........########N.....####
...........((###..(...#
#......N...NN.#N.##..##
#.....÷...NS@).####..##
#......S..§§N..# #...###
#.......N§§§§..# ##....#
#..........§...# #....#
##.......[(....# #.÷..#
##..N####.)...#####....#
##.!#####.............#
##.#.# #.............# ##.##
#............##


You could see 2 naga warriors, 2 naga ritualists, a shock serpent and 2 nagas.

Vanquished Creatures
  Aizul (Snake:1)
  Maud (Lair:5)
  5 hydras
  5 naga warriors
  Harold (Lair:3)
  Erolcha (D:8)
  6 anacondas
  9 death yaks
  5 shock serpents
  5 naga sharpshooters
  4 naga ritualists (Snake:2)
  A sea snake (Snake:4)
  Pikel (D:4)
  A hill giant (D:10)
  6 mana vipers
  The ghost of Yehuk the Unseen, a novice VSAs of Dithmenos (D:8)
  A manticore (Lair:5)
  A griffon (Lair:5)
  The ghost of dvd the Chucker, a novice OgHu (D:5)
  3 salamanders
  7 elephants
  36 black mambas
  6 guardian serpents
  8 naga magi
  6 spiny frogs
  5 rime drakes
  A kobold demonologist (Sewer)
  8 komodo dragons
  A spriggan druid (Lair:8)
  A troll (D:6)
  9 polar bears (Lair:8)
  The ghost of Wingboner the Chopper, an amateur DsFi (D:4)
  Prince Ribbit (Lair:2)
  18 blink frogs
  Grinder (Sewer)
  15 spriggans (Lair:8)
  5 redbacks (Lair:8)
  3 wyverns
  39 yaks
  2 fire bats (Lair:1)
  A hungry ghost (D:7)
  A basilisk (Lair:1)
  5 hippogriffs
  3 steam dragons
  Menkaure (D:4)
  32 nagas
  A hell hound (D:9)
  12 water moccasins
  5 porcupines
  2 slaves
  2 orc warriors (D:9)
  3 wasps (Lair:8)
  8 black bears (Lair:8)
  4 sky beasts
  A necrophage (D:6)
  A phantom (D:4)
  4 ogres
  A centaur (D:6)
  29 wolves
  8 crocodiles
  A big kobold (Sewer)
  14 giant frogs
  A wyvern skeleton (D:3)
  A scorpion (D:7)
  4 killer bees (D:7)
  An electric eel (Lair:3)
  5 wights (D:6)
  2 crimson imps (D:7)
  2 centaur zombies
  4 orc priests
  2 jellies
  3 hounds
  9 orc wizards
  A centaur skeleton (D:4)
  Jessica (D:2)
  A giant frog skeleton (D:5)
  7 iguanas
  Ijyb (D:2)
  3 worker ants
  32 sheep
  A big kobold zombie (Sewer)
  A hound skeleton (D:4)
  A worker ant zombie (D:9)
  2 howler monkey skeletons
  Robin (D:2)
  A howler monkey zombie (D:7)
  79 river rats
  13 adders
  9 shadow imps
  6 ufetubi (Sewer)
  2 oozes
  3 adder zombies
  A worm (D:5)
  A dart slug (D:2)
  5 giant geckos
  36 orcs
  8 bats
  A bat zombie (Sewer)
  7 giant cockroaches
  10 goblins
  8 hobgoblins
  6 jackals
  7 quokkas
  6 ball pythons
  2 giant gecko skeletons (D:7)
  3 giant newts
  A jackal skeleton (D:4)
  A jackal zombie (D:6)
  14 kobolds
  4 rats
  2 fungi
  2 plants
695 creatures vanquished.

Vanquished Creatures (others)
  A black mamba (Snake:2)
  A naga mage (Snake:4)
  A giant frog (D:8)
  An orc wizard (D:7)
  An ooze (Sewer)
  A worm (D:4)
  2 fungi (Lair:8)
  2 plants
10 creatures vanquished.

Grand Total: 705 creatures vanquished

Notes
Turn   | Place    | Note
--------------------------------------------------------------
     0 | D:1      | imoen the Vine Stalker Monk began the quest for the Orb.
     0 | D:1      | Reached XP level 1. HP: 11/11 MP: 2/2
    61 | D:1      | Reached XP level 2. HP: 14/16 MP: 1/3
    92 | D:1      | Found a glowing golden altar of the Shining One.
   142 | D:2      | Found a snail-covered altar of Cheibriados.
   155 | D:2      | Became a worshipper of Cheibriados the Contemplative
   155 | D:2      | Reached * piety under Cheibriados
   155 | D:2      | Reached ** piety under Cheibriados
   259 | D:2      | Noticed Ijyb
   272 | D:2      | Killed Ijyb
   272 | D:2      | Reached skill level 5 in Unarmed Combat
   272 | D:2      | Reached XP level 3. HP: 13/19 MP: 4/4
   390 | D:2      | Noticed Jessica
   406 | D:2      | Killed Jessica
   406 | D:2      | Reached XP level 4. HP: 17/23 MP: 3/5
   421 | D:2      | Found a shattered altar of Ashenzari.
   464 | D:2      | Found a deep blue altar of Sif Muna.
   503 | D:2      | Noticed Robin
   515 | D:2      | Killed Robin
   516 | D:2      | HP: 5/23 [goblin/uncursed dagger[Robin] (2)]
   540 | D:2      | Reached skill level 6 in Unarmed Combat
   834 | D:3      | Found a faded altar to an unknown god.
   839 | D:3      | Found a blossoming altar of Fedhas.
   854 | D:3      | Found a sparkling altar of Nemelex Xobeh.
   928 | D:3      | Reached *** piety under Cheibriados
   928 | D:3      | Reached XP level 5. HP: 27/27 MP: 6/6
  1166 | D:3      | Reached skill level 1 in Invocations
  1166 | D:3      | Gained mutation: You heal very quickly. [Vine Stalker growth]
  1166 | D:3      | Reached XP level 6. HP: 14/32 MP: 6/8
  1306 | D:4      | Noticed Pikel
  1308 | D:4      | Noticed a slave
  1310 | D:4      | Noticed a slave
  1310 | D:4      | Noticed a slave
  1311 | D:4      | Noticed a slave
  1325 | D:5      | Entered Level 5 of the Dungeon
  1333 | D:5      | Killed a slave
  1339 | D:5      | Identified a -1 iron rod (11/11) (You found it on level 5 of the Dungeon)
  1348 | D:5      | Noticed dvd's ghost (novice OgHu)
  1370 | D:5      | Killed dvd's ghost
  1370 | D:5      | Reached skill level 5 in Invocations
  1370 | D:5      | Reached XP level 7. HP: 30/35 MP: 8/11
  1448 | D:5      | Reached skill level 6 in Invocations
  1506 | D:5      | Reached skill level 7 in Invocations
  1506 | D:5      | Gained mutation: You have razor-sharp teeth. [Vine Stalker growth]
  1506 | D:5      | Reached XP level 8. HP: 39/39 MP: 12/14
  1514 | D:5      | Gained mutation: Your system is resistant to poisons. [mutagenic meat]
  1544 | D:5      | Noticed a wyvern
  1554 | D:5      | Killed a wyvern
  1566 | D:5      | Reached **** piety under Cheibriados
  1566 | D:5      | Reached skill level 8 in Invocations
  1604 | D:5      | Found a staircase to the Ecumenical Temple.
  1633 | D:5      | Found a blossoming altar of Fedhas.
  1690 | D:5      | Found a glowing drain.
  1699 | Sewer    | Entered a sewer
  1815 | Sewer    | Reached ***** piety under Cheibriados
  1835 | Sewer    | Found a burning altar of Makhleb.
  1850 | Sewer    | Noticed Grinder
  1892 | Sewer    | Noticed an apprentice kobold demonologist
  1907 | Sewer    | Killed an apprentice kobold demonologist
  1907 | Sewer    | Reached skill level 9 in Invocations
  1952 | Sewer    | Killed Grinder
  1952 | Sewer    | Reached skill level 10 in Invocations
  1952 | Sewer    | Reached XP level 9. HP: 19/43 MP: 12/17
  1967 | Sewer    | Identified a +1 rod of clouds (11/11) (You found it in a sewer)
  2204 | D:4      | Noticed Wingboner's ghost (amateur DsFi)
  2216 | D:4      | Killed Wingboner's ghost
  2216 | D:4      | Reached skill level 2 in Evocations
  2247 | D:4      | Reached skill level 3 in Evocations
  2371 | D:4      | Killed Pikel
  2371 | D:4      | Reached skill level 4 in Evocations
  2423 | D:4      | Reached skill level 5 in Evocations
  2460 | D:4      | Found Gijih's Antique Armour Shop.
  2464 | D:4      | Bought an embroidered cloak for 126 gold pieces
  2619 | D:4      | Noticed Menkaure
  2623 | D:4      | Killed Menkaure
  2787 | D:6      | Reached skill level 6 in Evocations
  3043 | D:6      | Noticed a troll
  3048 | D:6      | Killed a troll
  3048 | D:6      | Reached XP level 10. HP: 44/47 MP: 14/18
  3111 | D:6      | Reached skill level 7 in Evocations
  3347 | D:6      | Reached skill level 1 in Armour
  3475 | D:7      | Reached skill level 3 in Fighting
  3545 | D:7      | Reached skill level 1 in Maces & Flails
  3669 | D:7      | Found a radiant altar of Vehumet.
  3680 | D:7      | Reached skill level 2 in Maces & Flails
  4011 | D:7      | Reached skill level 3 in Maces & Flails
  4175 | D:8      | Noticed Erolcha
  4181 | D:8      | Noticed Yehuk's ghost (novice VSAs)
  4204 | D:8      | Killed Erolcha
  4204 | D:8      | Reached skill level 5 in Maces & Flails
  4219 | D:8      | Killed Yehuk's ghost
  4282 | D:8      | Reached skill level 6 in Maces & Flails
  4361 | D:8      | Found an opulent altar of Gozag.
  4470 | D:9      | Reached ****** piety under Cheibriados
  4564 | D:9      | Reached skill level 4 in Fighting
  4782 | D:9      | Found a staircase to the Lair.
  4792 | D:9      | Reached XP level 11. HP: 49/54 MP: 19/19
  4801 | D:9      | Found an oddly glowing altar of Pakellas.
  4929 | D:9      | Reached skill level 5 in Fighting
  5031 | D:10     | Entered Level 10 of the Dungeon
  5037 | D:10     | Noticed a hill giant
  5045 | D:10     | Killed a hill giant
  5100 | D:10     | Reached skill level 6 in Fighting
  5171 | Lair:1   | Entered Level 1 of the Lair of Beasts
  5229 | Lair:1   | Reached skill level 7 in Fighting
  5334 | Lair:1   | Reached skill level 8 in Fighting
  5390 | Lair:1   | Reached skill level 2 in Armour
  5598 | Lair:2   | Reached skill level 3 in Armour
  5635 | Lair:2   | Reached skill level 4 in Armour
  5733 | Lair:2   | Noticed Prince Ribbit
  5739 | Lair:2   | Killed Prince Ribbit
  5753 | Lair:2   | Reached skill level 5 in Armour
  5785 | Lair:2   | Reached skill level 1 in Shields
  5789 | Lair:2   | Gained mutation: You regenerate. [Vine Stalker growth]
  5789 | Lair:2   | Reached XP level 12. HP: 56/64 MP: 20/20
  5818 | Lair:2   | Found an ancient bone altar of Kikubaaqudgha.
  5836 | Lair:2   | Reached skill level 2 in Shields
  6049 | Lair:2   | Reached skill level 3 in Shields
  6134 | Lair:2   | Reached skill level 4 in Shields
  6409 | Lair:3   | Reached skill level 7 in Maces & Flails
  6416 | Lair:3   | Found a staircase to the Snake Pit.
  6453 | Lair:3   | Reached skill level 8 in Maces & Flails
  6502 | Lair:3   | Noticed a seven-headed hydra
  6511 | Lair:3   | Killed a seven-headed hydra
  6522 | Lair:3   | Got a slimy scale mail
  6535 | Lair:3   | Identified the +1 scale mail of Danox {-Cast rElec MR+} (You found it on level 3 of the Lair of Beasts)
  6547 | Lair:3   | Noticed Harold
  6560 | Lair:3   | Killed Harold
  6560 | Lair:3   | Reached skill level 9 in Maces & Flails
  6673 | Lair:3   | Noticed an eight-headed hydra
  6683 | Lair:3   | Killed an eight-headed hydra
  6802 | Lair:4   | Reached skill level 10 in Maces & Flails
  6927 | Lair:4   | Reached XP level 13. HP: 68/68 MP: 21/21
  6974 | Lair:4   | Found a deep blue altar of Sif Muna.
  6993 | Lair:4   | Reached skill level 11 in Maces & Flails
  7204 | Lair:5   | Noticed Maud
  7217 | Lair:5   | Killed Maud
  7252 | Lair:5   | HP: 17/68 [manticore (13)]
  7257 | Lair:5   | HP: 16/68 [poisoned by a spiny frog]
  7333 | Lair:5   | Found a staircase to the Shoals.
  7424 | Lair:5   | Reached skill level 12 in Maces & Flails
  7586 | Lair:6   | Reached skill level 8 in Evocations
  7697 | Lair:7   | Identified a scroll of acquirement
  7811 | Lair:7   | HP: 15/68 [death yak (6)]
  7818 | Lair:7   | Reached skill level 9 in Evocations
  7893 | Lair:7   | Reached skill level 10 in Evocations
  7947 | Lair:7   | Reached skill level 3 in Dodging
  8027 | Lair:7   | Reached XP level 14. HP: 68/73 MP: 22/22
  8096 | Lair:7   | Reached skill level 4 in Dodging
  8117 | Lair:7   | Reached skill level 6 in Armour
  8195 | Lair:8   | Entered Level 8 of the Lair of Beasts
  8256 | Lair:8   | Found a staircase to the Slime Pits.
  8256 | Lair:8   | Found a viscous altar of Jiyva.
  8277 | Lair:8   | Reached skill level 5 in Dodging
  8461 | Lair:8   | Reached skill level 7 in Armour
  8525 | Lair:8   | Reached skill level 6 in Dodging
  8970 | Snake:1  | Entered Level 1 of the Snake Pit
  8984 | Snake:1  | Reached skill level 8 in Armour
  9069 | Snake:1  | Reached skill level 7 in Dodging
  9098 | Snake:1  | HP: 18/73 [naga mage (1)]
  9180 | Snake:1  | Found a white marble altar of Elyvilon.
  9247 | Snake:1  | Noticed Aizul
  9268 | Snake:1  | Killed Aizul
  9342 | Snake:1  | Reached XP level 15. HP: 69/77 MP: 19/23
  9371 | Snake:1  | Reached skill level 9 in Armour
  9426 | Snake:2  | Reached skill level 8 in Dodging
  9431 | Snake:2  | Reached skill level 3 in Stealth
  9442 | Snake:2  | Reached skill level 4 in Stealth
  9456 | Snake:2  | Reached skill level 5 in Stealth
  9481 | Snake:2  | Reached skill level 6 in Stealth
  9487 | Snake:2  | HP: 17/77 [naga ritualist/lance of force (12)]
  9487 | Snake:2  | HP: 7/77 [iron grate collision (10)]
  9492 | Snake:2  | HP: 8/77 [poisoned by a naga ritualist (toxic radiance)]
  9498 | Snake:2  | HP: 8/77 [naga ritualist/Olgreb's Toxic Radiance (1)]
  9575 | Snake:2  | Reached skill level 7 in Stealth
  9676 | Snake:2  | Reached skill level 8 in Stealth
  9815 | Snake:2  | Reached skill level 9 in Stealth
  9856 | Snake:2  | HP: 18/77 [naga warrior/war axe (3)]
  9861 | Snake:2  | Reached skill level 10 in Stealth
  9863 | Snake:2  | HP: 18/77 [poisoned by a naga mage (poison arrow)]
  9981 | Snake:2  | HP: 13/77 [naga warrior/trident (14)]
  9985 | Snake:2  | HP: 6/77 [naga ritualist/dagger of venom (2)]
  9990 | Snake:2  | HP: 9/77 [poisoned by a naga ritualist (toxic radiance)]
 10418 | Snake:3  | Reached skill level 11 in Invocations
 10841 | Snake:4  | Entered Level 4 of the Snake Pit
 10853 | Snake:4  | Noticed Chiseanne's ghost (adept DsWz)
 10970 | Snake:4  | Noticed Ladykiller69's ghost (adept FoFi)
 11106 | Snake:4  | Reached skill level 12 in Invocations
 11177 | Snake:4  | HP: 19/77 [anaconda (6)]
 11188 | Snake:4  | HP: 9/77 [naga warrior/flail (11)]
 11197 | Snake:4  | HP: 12/77 [shock serpent/bolt of electricity (1)]
 11198 | Snake:4  | HP: 5/77 [shock serpent/bolt of electricity (4)]
 11200 | Snake:4  | Noticed a greater naga
 11200 | Snake:4  | Noticed a greater naga
 11201 | Snake:4  | HP: 1/77 [naga warrior/splash of poison (5)]
 11206 | Snake:4  | HP: 1/77 [shock serpent (1)]
 11208 | Snake:4  | Slain by a shock serpent

Skill      XL: |  1  2  3  4  5  6  7  8  9 10 11 12 13 14 15 |
---------------+----------------------------------------------+-----
Unarmed Combat | 5 6 |  6.6
Invocations    | 1 5 7 10 12 | 12.4
Evocations     | 6 7 10 | 10.0
Armour         | 1 5 8 9 |  9.0
Fighting       | 4 8 |  8.1
Maces & Flails | 6 10 12 | 12.0
Shields        | 1 4 |  4.0
Dodging        | 3 7 8 |  8.0
Stealth        | 10 | 10.0

Action                   |  1- 3 |  4- 6 |  7- 9 | 10-12 | 13-15 || total
-------------------------+-------+-------+-------+-------+-------++-------
Melee: Unarmed           |    58 |   106 |   218 |   145 |       ||   527
       Bite              |    18 |    44 |   118 |   323 |   548 ||  1051
       Punch             |     2 |     2 |     9 |     7 |       ||    20
       Whip              |       |       |       |   404 |   904 ||  1308
 Fire: Blowgun           |       |       |       |       |    20 ||    20
Throw: Tomahawk          |       |       |       |       |     1 ||     1
Invok: Bend Time         |       |     5 |     7 |     5 |    14 ||    31
       Slouch            |       |       |     2 |     3 |    11 ||    16
       Temporal Distorti |       |       |       |       |     1 ||     1
       Step From Time    |       |       |       |       |     6 ||     6
Evoke: Rod               |       |     1 |     9 |    21 |    70 ||   101
       Wand              |       |       |       |     1 |     6 ||     7
  Use: Potion            |       |     1 |     2 |     2 |     9 ||    14
       Scroll            |       |       |     8 |     5 |    23 ||    36
 Stab: Sleeping          |     4 |     1 |     1 |       |     3 ||     9
       Invisible         |       |     2 |       |       |       ||     2
       Confused          |       |       |       |     1 |    11 ||    12
       Distracted        |       |       |       |       |     3 ||     3
  Eat: Chunk             |       |       |     7 |    18 |    23 ||    48
       Bread ration      |       |       |     1 |       |     2 ||     3
       Fruit             |       |       |       |     1 |     9 ||    10
       Royal jelly       |       |       |       |     1 |       ||     1
       Pizza             |       |       |       |       |     3 ||     3
       Beef jerky        |       |       |       |       |     1 ||     1
Armor: Robe              |     6 |       |       |       |       ||     6
       Leather armour    |     5 |     9 |       |       |       ||    14
       Scale mail        |       |    12 |    63 |       |    79 ||   154
       Chain mail        |       |       |    55 |   134 |       ||   189
       Plate armour      |       |       |       |   229 |   234 ||   463
Dodge: Dodged            |    47 |    70 |   172 |   316 |   535 ||  1140
Block: Buckler           |       |       |       |    98 |   346 ||   444

Vault maps used:
D:1:      saegor_arrival_simple_a, columned_hall_lemuel, tso_metal_star
D:2:      cheibriados_altar_1, led_sif_pool, nicolae_ashenzari_panopticon,
          uniq_robin, uniq_iyjb, uniq_jessica, uniq_crazy_yiuf_cottage
D:3:      nemelex_xobeh_ov_fountains_minmay, ecumenical_altar_1, fedhas_altar_3,
          uniq_natasha
D:4:      serial_shops, nicolae_shop_behind_doors, first_bread, uniq_menkaure,
          uniq_pikel
D:5:      marbit_many_paths, minmay_temple_entry_trees, gup_sewer_entry_pipe,
          corexii_item_surrounded_by_moat
D:6:      good_gods_mini_temple, fountainhead, uniq_grinder
D:7:      kennysheep_steamy, the_bakery, vehumet_altar_wand_db
D:8:      nicolae_gozag_cash_rules_everything_around_me, uniq_erolcha
D:9:      yredelemnul_forgotten_temple_becter, minmay_lair_entry_lava,
          basic_altar, uniq_joseph
D:10:     minmay_stone_box
Lair:1:   nicolae_volcano_entry_hallway, st_stairs_10, zaba_anthole,
          grunt_forest_large_clearings, serial_bayou_shore_b
Lair:2:   basic_altar, beast_lair_carwin_5, uniq_prince_ribbit2
Lair:3:   minmay_snake_entry_six_corridors, nicolae_quartered_pool_super,
          bh_autumn_forest_stairs, uniq_harold
Lair:4:   basic_altar, minmay_holes, lemuel_fruit_tree,
          infiniplex_staircase_pool_2, grunt_megastairs_4
Lair:5:   minmay_shoals_entry_beasts, grunt_megastairs_5, uniq_maud
Lair:6:   basic_altar, grunt_megastairs_2, uniq_josephine
Lair:7:   beast_lair_carwin_8
Lair:8:   minmay_lair_end_enchanted_forest, slime_altar_1
Snake:1:  basic_altar, uniq_aizul
Snake:2:  stair_cage_open
Snake:3:  nrook_guardian_serpent_snake_passage
Snake:4:  johnstein_snake_rune_scales, statue_in_the_mist_lemuel,
          nicolae_snake_springs
Sewer:    kennysheep_sewer_church

Table legend:
 A = Turns spent in this place as a percentage of turns spent in the entire game.
 B = Non-inter-level travel turns spent in this place as a percentage of non-inter-level travel turns spent in the entire game.
 C = Inter-level travel turns spent in this place as a percentage of turns spent in this place.
 D = Turns resting spent in this place as a percentage of non-inter-level travel turns spent in this place.
 E = Turns spent auto-exploring this place as a percentage of non-inter-level travel turns spent in this place.
 F = Non-inter-level travel turns spent in this place divided by the number of levels of this place that you've seen.
                   A       B       C       D       E      F
               +-------+-------+-------+-------+-------+----------------------
         Total | 100.0 | 100.0 |   0.7 |   0.0 |   0.1 | 416.2
       Dungeon |  38.2 |  38.2 |   0.9 |   0.0 |   0.2 | 365.2
          Lair |  34.7 |  34.7 |   0.7 |   0.0 |   0.1 | 414.8
     Snake Pit |  23.7 |  23.8 |   0.3 |   0.1 |   0.0 | 569.2
         Sewer |   3.4 |   3.4 |   0.0 |   0.0 |   0.3 | 325.0
               +-------+-------+-------+-------+-------+----------------------

Table legend:
 A = Kills in this place as a percentage of kills in entire the game.
 B = Kills by you in this place as a percentage of kills by you in the entire game.
 C = Kills by friends in this place as a percentage of kills by friends in the entire game.
 D = Other kills in this place as a percentage of other kills in the entire game.
 E = Experience gained in this place as a percentage of experience gained in the entire game.
 F = Experience gained in this place divided by the number of levels of this place that you have seen.
                   A       B       C       D       E      F
               +-------+-------+-------+-------+-------+----------------------
         Total | 100.0 | 100.0 |  -nan | 100.0 | 100.0 | 5601.1
       Dungeon |  28.5 |  28.6 |  -nan |  16.7 |   7.6 | 984.8
          Lair |  50.6 |  50.6 |  -nan |  50.0 |  50.4 | 8108.2
     Snake Pit |  16.5 |  16.3 |  -nan |  33.3 |  41.3 | 13302.8
         Sewer |   4.5 |   4.5 |  -nan |   0.0 |   0.7 | 901.0
               +-------+-------+-------+-------+-------+----------------------
